AoeStats
← TheQuietRiot

Arabia

504464466Analyzed
1v1 RM · 28d ago on Sep 5, 2026· 29m 6s· 2 players
Game mode
Random Map
Map size
Tiny (2 player)
Population
200
Speed
Normal
Resources
Standard
Victory
Conquest
Starting age
Dark Age
Ending age
Imperial Age
RankedLock teamsTeams togetherTeam positionsShared explorationLock speedFull tech treeHidden civsTurbo modeCheats
Victory
Defeat
🇪🇸 Teutons · Spain
971
+16
🇬🇧 Britons · United Kingdom
961
-16
TheQuietRiot
11:22 Feudal Age
10:08 Loom
12:55 Double-Bit Axe
17:01 Fletching
18:11 Wheelbarrow
17:23 Horse Collar
20:17 Stone Mining
20:18 Gold Mining
24:58 Castle Age
24:54 Padded Archer Armor
25:06 Forging
25:51 Crossbowman
26:41 Heavy Plow
27:50 Bow Saw
28:07 Gambesons
Desperta_Ferro
8:41 Loom
10:53 Feudal Age
11:52 Double-Bit Axe
17:56 Wheelbarrow
19:04 Fletching
22:49 Castle Age
20:55 Gold Mining
21:54 Bloodlines
22:29 Forging
23:07 Scale Barding Armor
23:02 Elite Skirmisher
24:00 Bow Saw
24:42 Chain Barding Armor
24:26 Elite Skirmisher
25:18 Horse Collar
25:46 Bodkin Arrow
28:18 Iron Casting
28:31 Ballistics
Connection lost

Rejoining the realm…

Still unreachable

The connection could not be restored.

Session expired

The server has moved on; the page needs a fresh start.